 Dungeon Crawl Stone Soup version 0.30-a0-778-g2ef04afb54 (webtiles) character file.

Game seed: 8763916345585233007

244 DEFE the Cudgeller (level 5, -2/38 HPs)
             Began as a Demonspawn Wanderer on Feb 16, 2023.
             Splashed by a jelly's acid (6 damage)
             ... on level 4 of the Dungeon.
             The game lasted 00:02:08 (2536 turns).

DEFE the Cudgeller (Demonspawn Wanderer)            Turns: 2536, Time: 00:02:09

Health: -2/38      AC: -6    Str: 12    XL:     5   Next: 83%
Magic:  0/8        EV: 10    Int:  9    God:
Gold:   176        SH:  0    Dex: 19    Spells: 8/8 levels left

rFire   . . .      SeeInvis .    a - +3 mace
rCold   . . .      Faith    .    (no shield)
rNeg    . . .      Spirit   +    e - +0 leather armour
rPois   .          Reflect  .    (no helmet)
rElec   .          Harm     .    (no cloak)
rCorr   .          Rampage  .    (no gloves)
Will    .....                    (no boots)
Stlth   +                        x - amulet of guardian spirit
HPRegen 0.26/turn                (no ring)
MPRegen 0.11/turn                (no ring)

@: corroded
A: thin metallic scales 1, demonic guardian 2
a: no special abilities


You were on level 4 of the Dungeon.
You visited 1 branch of the dungeon, and saw 4 of its levels.

You collected 176 gold pieces.

Inventory:

Hand Weapons
 a - a +3 mace (weapon)
 c - a +0 dagger
Missiles
 b - 14 poisoned darts (quivered)
Armour
 e - a +0 leather armour (worn)
Jewellery
 o - an amulet of magic regeneration
 x - an amulet of guardian spirit (around neck)
Scrolls
 d - a scroll of fog
 f - a scroll of vulnerability {unknown}
 j - a scroll of poison {unknown}
 m - a scroll of enchant armour {unknown}
 p - a scroll of immolation {unknown}
 q - a scroll of fear {unknown}
 r - 2 scrolls of noise {unknown}
 t - a scroll of amnesia {unknown}
 v - a scroll of teleportation {unknown}
 w - a scroll of identify {unknown}
Potions
 g - 2 potions of flight {unknown}
 h - a potion of invisibility {unknown}
 i - 2 potions of might {unknown}
 k - 3 potions of degeneration {unknown}
 l - 3 potions of lignification {unknown}
 n - 2 potions of mutation {unknown}
 s - a potion of curing {unknown}
 u - a potion of heal wounds {unknown}


   Skills:
 - Level 2.0 Fighting
 + Level 6.5 Maces & Flails
 - Level 1.0 Throwing
 - Level 1.0 Armour
 - Level 2.0 Spellcasting


You had 8 spell levels left.
You didn't know any spells.
Your spell library contained the following spells:

 Spells                   Type           Power      Damage    Failure   Level
 Slow                     Hex            0%         N/A       38%         1
 Confusing Touch          Hex            0%         N/A       77%         3
 Vampiric Draining        Necr           0%         2d6       77%         3


Dungeon Overview and Level Annotations

Branches:
Dungeon (4/15)
 Temple: D:4-7

Altars:
Hepliaklqana


Innate Abilities, Weirdness & Mutations

You are partially covered in thin metallic scales. (AC +2)
A demonic guardian rushes to your aid.


Message History

No target in view!
No target in view!
No target in view!
Unknown command.
No target in view!
Unknown command.
n - 2 smoky red potions (gained 1)
You now have 167 gold pieces (gained 17).
You now have 176 gold pieces (gained 9).
Found a whip.
Health restored: 38; MP restored: 8 A jelly comes into view.
Found a flail.
A jelly is nearby!
You see here a staff of conjuration.
The jelly quivers.
You hit the jelly.
Your hands burn!
The jelly hits you.
You are splashed with acid!
You take 10 damage, and have 28/38 hp.
MASSIVE DAMAGE!!
You now have 6/8 mp.
You thump the jelly!
Your hands burn!
The jelly hits you. The acid corrodes you!
You are splashed with acid.
You take 6 damage, and have 22/38 hp.
You now have 4/8 mp.
Unknown command.
You hit the jelly but do no damage. The acid corrodes you!
Your hands burn!
The jelly hits you. The acid corrodes you!
You are splashed with acid!
* * * LOW HITPOINT WARNING * * *
You take 12 damage, and have 10/38 hp.
MASSIVE DAMAGE!!
You now have 1/8 mp.
Unknown command.
You aren't carrying any items that you can evoke.
Unknown command.
You hit the jelly but do no damage.
Your hands burn!
* * * LOW HITPOINT WARNING * * *
A demonic guardian appears!
The jelly hits you.
* * * LOW HITPOINT WARNING * * *
The acid corrodes you!
You are splashed with acid.
You die...

#.........##
#..........
#...).....# #
#.........# ..# ##
#.........## #..###.
#..........## #.....
#.........# #.....
#..J@.....# #.....
#....4.|..# #.....
#.........######.....
#.)..................
#.........##.........
#.........##.........
#.........##.........
#.?.......####.......
#..........###.......


You could see a jelly (ally target) and a friendly rust devil (summoned).

Vanquished Creatures
  A jelly (D:4)
  Jessica (D:2)
  An orc wizard (D:3)
  6 adders
  2 worms
  5 dart slugs
  6 orcs
  7 ball pythons
  6 endoplasms
  3 giant cockroaches (D:1)
  10 goblins
  4 hobgoblins
  3 jackals (D:3)
  5 quokkas
  3 bats
  2 frilled lizards (D:1)
  4 kobolds
  5 rats
74 creatures vanquished.

Vanquished Creatures (collateral kills)
  An adder (D:3)
  A ball python (D:3)
  A bat (D:1)
3 creatures vanquished.

Vanquished Creatures (others)
  A plant (D:2)
1 creature vanquished.

Grand Total: 78 creatures vanquished

Notes
Turn   | Place    | Note
-------+----------+-------------------------------------------
     0 | D:1      | DEFE the Demonspawn Wanderer began the quest for the Orb.
     0 | D:1      | DEFE set off with the following items: a +3 mace, 12
                  | poisoned darts, a +0 dagger, a scroll of fog, a +0 leather
                  | armour.
     0 | D:1      | Reached XP level 1. HP: 16/16 MP: 3/3
    82 | D:1      | Reached skill level 4 in Maces & Flails
   119 | D:1      | Gained mutation: You are partially covered in thin metallic
                  | scales. (AC +2) [demonic ancestry]
   119 | D:1      | Reached XP level 2. HP: 22/22 MP: 5/5
   249 | D:1      | Gained mutation: A weak demonic guardian rushes to your
                  | aid. [demonic ancestry]
   249 | D:1      | Reached XP level 3. HP: 27/27 MP: 6/6
   797 | D:2      | Reached skill level 5 in Maces & Flails
   892 | D:2      | Gained mutation: A demonic guardian rushes to your aid.
                  | [demonic ancestry]
   892 | D:2      | Reached XP level 4. HP: 33/33 MP: 7/7
  1340 | D:2      | Noticed Jessica
  1349 | D:2      | Killed Jessica
  1538 | D:3      | Found a faded altar of an unknown god.
  1538 | D:3      | Found a faded altar of an unknown god.
  1540 | D:3      | Found a hazy altar of Hepliaklqana.
  1587 | D:3      | Identified the +1 whip "Jieshrunn" {heavy, SInv}
  1774 | D:3      | Reached XP level 5. HP: 37/38 MP: 8/8
  2061 | D:3      | Reached skill level 6 in Maces & Flails
  2536 | D:4      | Splashed by a jelly's acid

Illustrated notes

Levels and vault maps discovered:
D:1:      eino_arrival_water_star, layout_rooms, minmay_tromino_v4_b
D:2:      layout_basic, minmay_shallow_snake_nest, uniq_jessica
D:3:      layout_loops_ring, nicolae_hepliaklqana_ecumenical_no_more
D:4:      layout_rooms

Skill      XL: |  1  2  3  4  5 |
---------------+----------------+-----
Maces & Flails | 4 5 6 |  6.5
Fighting       | |  2.0
Throwing       | |  1.0
Armour         | |  1.0
Spellcasting   | |  2.0

Action                     |  1- 3 |  4- 6 || total
---------------------------+-------+-------++-------
  Melee: Mace              |    86 |   116 ||   202
         Punch             |     1 |       ||     1
   Stab: Sleeping          |     2 |     2 ||     4
 Armour: Leather armour    |    45 |    45 ||    90
  Dodge: Dodged            |    61 |    67 ||   128

Table legend: (Time is in decaauts)
 A = Elapsed time spent in this place.
 B = Non-inter-level travel time spent in this place.
 C = Inter-level travel time spent in this place.
 D = Time resting spent in this place.
 E = Time spent auto-exploring this place.
 F = Levels seen in this place.
 G = Mean time per level.
                   A        B        C        D        E       F      G
               +--------+--------+--------+--------+--------+-----+--------+
         Total |   2563 |   2489 |     74 |    286 |   1706 |   4 |  640.8 |
       Dungeon |   2563 |   2489 |     74 |    286 |   1706 |   4 |  640.8 |
               +--------+--------+--------+--------+--------+-----+--------+

Top non-repeatable levels by time:
     D:2: 978 daAuts
     D:3: 804 daAuts
     D:1: 565 daAuts
     D:4: 216 daAuts
